 Dungeon Crawl Stone Soup version 0.17.0-25-gefc9c12 (webtiles) character file.

14368 shklvsk the Basher (level 11, -8/84 HPs)
             Began as a Mummy Wanderer on Nov 18, 2015.
             Was a High Priest of Makhleb.
             Killed from afar by Harold (23 damage)
             ... with a bolt of fire
             ... on level 2 of the Orcish Mines.
             The game lasted 01:06:03 (19386 turns).

shklvsk the Basher (Mummy Wanderer)                Turns: 19386, Time: 01:06:03

Health: -8/84      AC:  1    Str: 18    XL:     11   Next: 87%
Magic:  12/16      EV: 11    Int: 13    God:    Makhleb [*****.]
Gold:   0          SH:  0    Dex: 16    Spells: 3 memorised, 5 levels left

rFire  . . .     SeeInvis .     C - +1 whip (elec)
rCold  . . .     Clarity  .     u - +3 ring mail
rNeg   + + +     SustAt   .     (no shield)
rPois  ∞         Gourm    .     x - +2 helmet
rElec  .         Spirit   .     q - +1 cloak
rCorr  .         Warding  .     A - +0 pair of gloves
rMut   .         Stasis   .     I - +0 pair of boots
MR     +....                    (no amulet)
Stlth  ++........               H - ring of fire {rF+, rC-}
                                t - +5 ring of dexterity

@: corroded equipment, somewhat resistant to hostile enchantments, unstealthy
A: no food or potions, fire vulnerability, cold resistance 1, negative energy
resistance 3, torment resistance, unbreathing
a: Minor Destruction, Lesser Servant of Makhleb, Major Destruction, Greater
Servant of Makhleb, Renounce Religion


You were on level 2 of the Orcish Mines.
You worshipped Makhleb.
Makhleb was extremely pleased with you.
You were not hungry.

You visited 3 branches of the dungeon, and saw 15 of its levels.

You collected 618 gold pieces.
You spent 618 gold pieces at shops.

Inventory:

Hand Weapons
 b - a +2 blowgun
 k - a +0 morningstar
   (You took it off a wight on level 7 of the Dungeon)
 y - a +1 flail of protection
   (You took it off an orc on level 4 of the Dungeon)
 B - a +2 flail of distortion {!w}
   (You took it off an orc priest on level 4 of the Dungeon)
 C - a +1 whip of electrocution (weapon)
   (You took it off Pikel on level 8 of the Dungeon)
 K - a +0 dire flail of protection
   (You took it off an orc warrior on level 11 of the Dungeon)
Missiles
 e - 328 stones (quivered)
 l - 6 needles of slowing
 z - a curare-tipped needle
 G - 12 poisoned needles
Armour
 f - a +0 plate armour
   (You found it on level 8 of the Dungeon)
 m - a +0 shield
   (You found it on level 3 of the Dungeon)
 q - a +1 cloak (worn)
   (You found it on level 2 of the Dungeon)
 u - a +3 ring mail (worn)
   (You took it off an orc on level 5 of the Dungeon)
 x - a +2 helmet (worn)
   (You bought it in a shop on level 6 of the Dungeon)
 A - a +0 pair of gloves (worn)
   (You found it on level 4 of the Dungeon)
 F - a +0 hat of intelligence
   (You found it on level 11 of the Dungeon)
 I - a +0 pair of boots (worn)
   (You found it on level 10 of the Dungeon)
Jewellery
 t - a +5 ring of dexterity (left hand)
   (You found it on level 4 of the Dungeon)
 v - a +1 ring of slaying
   (You found it on level 8 of the Dungeon)
 H - a ring of fire (right hand) {rF+, rC-}
   (You bought it in a shop on level 6 of the Dungeon)
 J - an uncursed amulet of stasis {Stasis, !d}
   (You found it on level 10 of the Dungeon)
Wands
 a - a wand of polymorph (14)
   (You bought it in a shop on level 4 of the Dungeon)
 n - a wand of teleportation (0)
   (You found it on level 3 of the Dungeon)
 w - a wand of fire (1)
   (You bought it in a shop on level 4 of the Dungeon)
 D - a wand of polymorph (8)
   (You found it on level 7 of the Dungeon)
 L - a wand of random effects (30)
   (You found it on level 11 of the Dungeon)
 N - a wand of slowing (16)
   (You took it off an orc on level 11 of the Dungeon)
 O - a wand of confusion (18)
   (You took it off an orc on level 11 of the Dungeon)
Scrolls
 c - 8 scrolls of remove curse
 g - 13 scrolls of identify
 j - 4 scrolls of amnesia
 o - a scroll of random uselessness
 s - 2 scrolls of enchant weapon
 E - 2 scrolls of enchant armour
Books
 h - a book of Beasts
   (You found it on level 8 of the Dungeon)
 M - a book of Minor Magic
   (You found it on level 11 of the Dungeon)


   Skills:
 + Level 7.2 Fighting
   Level 4.2 Short Blades
 * Level 9.0 Maces & Flails
 - Level 4.0 Throwing
 + Level 7.0 Armour
 * Level 1.8 Dodging
 - Level 1.9 Stealth
 - Level 1.0 Shields
 * Level 1.4 Charms
 - Level 5.7 Summonings
 * Level 2.1 Translocations
 + Level 7.1 Invocations
 + Level 1.1 Evocations


You had 5 spell levels left.
You knew the following spells:

 Your Spells              Type           Power        Failure   Level  Hunger
b - Blink                 Tloc           N/A          34%         2    N/A
d - Repel Missiles        Chrm/Air       #.....       65%         2    N/A
B - Summon Butterflies    Summ           ##......     6%          1    N/A

Dungeon Overview and Level Annotations

Branches:
Dungeon (12/15)            Temple (1/1) D:4            Lair (0/8) D:11
    Orc (2/4) D:11

Altars:
Ashenzari
Cheibriados
Dithmenos
Elyvilon
Fedhas
Gozag
Kikubaaqudgha
Makhleb
Nemelex Xobeh
Okawaru
Qazlal
Ru
Sif Muna
Trog
Vehumet
Xom
Yredelemnul
Zin
The Shining One
Beogh

Shops:
D:4 *   D:6 *[[*=

Annotations:
Orc:1 Maurice
Orc:2 Harold


Innate Abilities, Weirdness & Mutations

You do not eat or drink.
Your flesh is vulnerable to fire.
You are immune to poison.
Your flesh is cold resistant.
You are immune to negative energy.
You are immune to unholy pain and torment.
You can survive without breathing.


Message History

Makhleb accepts your kill.
No target in view!
No target in view!
No target in view!
You see here a giant spiked club.
There is a stone staircase leading down here.
You see here 14 gold pieces.
An orc priest comes into view. It is wielding a falchion.
You strike the helpless orc priest from a blind spot!
You hit the orc priest.
There is a sudden explosion of sparks!
You kill the orc priest!
Makhleb accepts your kill.
No target in view!
No target in view!
No target in view!
There is an open gate here.
An orc comes into view.
The orc shouts!
You hear a shout!
You hear a shout!
You hear a shout!
You hear a shout! x7
An orc priest comes into view.
An orc sorcerer comes into view. It is wielding a dagger.
You found an alarm trap!
The orc sorcerer shouts!
The orc completely misses you.
An orc comes into view. It is wielding a short sword.
You whack the orc!
You kill the orc!
Makhleb accepts your kill.
The orc sorcerer points at you and mumbles some strange words.
You suddenly lose the ability to move! 2 orcs and an orc high priest come into view.
The orc sorcerer points at you and mumbles some strange words.
The bolt of fire hits you!
An orc comes into view.
The orc high priest utters an invocation to Beogh.
An orc comes into view. It is wielding a dagger.
The orc priest hits you.
The orc priest hits you but does no damage.
The rust devil hits you. The rust devil corrodes you!
An orc priest comes into view. It is wielding a club.
The rust devil hits you. The rust devil corrodes you!
The orc high priest mumbles some strange prayers to Beogh against you.
Something smites you!
The orc priest mumbles some strange prayers to Beogh against you.
Something smites you!
The orc sorcerer gestures at you while chanting.
The bolt of fire hits the orc.
The orc dies!
The bolt of fire hits you!
Harold the Weathered comes into view.
He is wielding a dire flail.
Harold shouts!
You can move again.
You take 51 damage, and have 33/84 hp.
MASSIVE DAMAGE!!
Read which item? (? for menu, Esc to quit)
As you read the scroll of teleportation, it crumbles to dust.
You feel strangely unstable. The rust devil hits you!
The rust devil corrodes you!
The orc high priest utters an invocation to Beogh.
The orc sorcerer gestures wildly while chanting.
Harold says happily, "The price on your head will fill my nest egg nicely!"
You take 7 damage, and have 26/84 hp.
Harold pauses a moment, imagining something with a smile on his face.
The rust devil hits you.
* * * LOW HITPOINT WARNING * * *
The rust devil corrodes you!
You take 2 damage, and have 24/84 hp.
The orc priest looks braver for a moment.
Your surroundings suddenly seem different.
Okay, then.
Read which item? (? for menu, Esc to quit)
As you read the scroll of fog, it crumbles to dust.
The scroll dissolves into smoke.
An orc priest comes into view. It is wielding a hand axe.
The orc priest shouts!
The orc priest jeers loudly.
The orc priest calls down the wrath of Beogh upon you.
Something smites you!
* * * LOW HITPOINT WARNING * * *
Found a roughly hewn altar of Beogh.
You take 11 damage, and have 13/84 hp.
Okay, then.
Read which item? (? for menu, Esc to quit)
As you read the scroll of fog, it crumbles to dust.
The scroll dissolves into smoke.
Harold throws a throwing net.
The throwing net hits you.
You become entangled in the net!
You see here a throwing net {=f, !d}.
Okay, then.
Read which item? (? for menu, Esc to quit)
Okay, then.
Okay, then.
Unknown command.
Unknown command.
You blink.
You now have 14/16 mp.
You blink.
An orc priest comes into view.
Harold gestures at you while chanting. The bolt of fire hits you!
You die...

...'... #..)..'..
#..#..'.._ #.[#)))..
#.....'....o#.(...'..
#.....#...@8#.(4.)#..
#..#..###'###o.#..#.8
#.................#..
#........§........###
#..8..#o§#$.#..8..#
#...@....4........#
#....§§..§§.§§§...#
###################


You could see Harold, a sixfirhy and 2 orc priests.

Vanquished Creatures
  4 hill giants
  Pikel (D:8)
  A kobold demonologist (D:11)
  3 trolls
  9 yaks
  A human (D:8)
  A steam dragon (D:11)
  2 deep elf magi (D:11)
  A hog (D:8)
  A deep elf fighter (D:11)
  Grum (D:10)
  A hippogriff (D:7)
  2 wyverns
  A mottled dragon (D:11)
  4 wolves
  2 ice beasts
  2 water moccasins
  4 slaves
  2 orc warriors
  A swamp drake (D:11)
  A necrophage (D:10)
  3 phantoms
  10 ogres
  A wasp (D:11)
  A black bear (D:9)
  2 sky beasts
  2 crocodiles (D:11)
  A big kobold (D:8)
  7 centaurs
  8 giant frogs
  A water moccasin zombie (D:8)
  7 scorpions
  6 killer bees (D:9)
  4 wights (D:7)
  5 hounds
  9 orc priests
  4 crimson imps
  A giant frog zombie (D:9)
  3 centaur skeletons
  The ghost of BLOAX the Ruffian, a weakling VSTm (D:4)
  2 jellies
  10 orc wizards
  A quasit (D:9)
  2 giant frog skeletons
  3 centaur zombies
  Jessica (D:3)
  Terence (D:2)
  2 iguanas
  An iron imp (D:11)
  4 worker ants
  3 sheep (D:8)
  The ghost of BLOAX the Ruffian, a weakling VSTm (D:3)
  2 hound skeletons
  Robin (D:3)
  4 gnolls (D:8)
  A river rat (D:11)
  20 adders
  6 shadow imps
  A white imp (D:11)
  An adder zombie (D:5)
  An adder skeleton (D:7)
  A worm (D:2)
  5 giant geckos
  67 orcs
  15 hobgoblins
  27 bats
  5 giant cockroaches
  A giant gecko skeleton (D:6)
  12 giant newts
  12 goblins
  A goblin skeleton (D:9)
  A goblin zombie (D:9)
  2 hobgoblin zombies (D:9)
  6 jackals (D:2)
  18 kobolds
  A kobold zombie (D:9)
  2 orc skeletons (D:9)
  3 quokkas
  15 rats
383 creatures vanquished.

Vanquished Creatures (collateral kills)
  A hill giant (D:11)
  An ugly thing (D:11)
  2 orc warriors (Orc:1)
  An orc wizard (Orc:2)
  9 orcs
14 creatures vanquished.

Vanquished Creatures (others)
  2 orcs
  7 fungi (D:11)
  A plant (D:11)
10 creatures vanquished.

Grand Total: 407 creatures vanquished

Notes
Turn   | Place    | Note
--------------------------------------------------------------
     0 | D:1      | shklvsk the Mummy Wanderer began the quest for the Orb.
     0 | D:1      | shklvsk set off with: 2 curare-tipped needles, a +2 blowgun, a +0 ring mail, a scroll of teleportation
     0 | D:1      | Reached XP level 1. HP: 24/24 MP: 1/1
   317 | D:1      | Reached XP level 2. HP: 31/31 MP: 2/2
   621 | D:1      | Reached skill level 1 in Short Blades
   772 | D:1      | Reached XP level 3. HP: 36/36 MP: 3/3
  1275 | D:3      | Noticed Jessica
  1294 | D:3      | Killed Jessica
  1294 | D:3      | Reached skill level 2 in Short Blades
  1343 | D:3      | Found a burning altar of Makhleb.
  1390 | D:3      | Reached XP level 4. HP: 41/43 MP: 4/4
  1394 | D:3      | Became a worshipper of Makhleb the Destroyer
  1563 | D:3      | Noticed BLOAX's ghost (weakling VSTm)
  1678 | D:2      | Found a radiant altar of Vehumet.
  2058 | D:2      | Reached skill level 3 in Short Blades
  2115 | D:2      | Noticed Terence
  2157 | D:2      | Killed Terence
  2290 | D:2      | Reached XP level 5. HP: 32/48 MP: 5/5
  2417 | D:2      | Reached * piety under Makhleb
  2444 | D:2      | Reached skill level 1 in Armour
  3122 | D:3      | Noticed Robin
  3289 | D:3      | Reached ** piety under Makhleb
  3309 | D:3      | Killed Robin
  3564 | D:3      | Reached skill level 2 in Armour
  3566 | D:3      | Found a snail-covered altar of Cheibriados.
  3640 | D:3      | Killed BLOAX's ghost
  3950 | D:3      | Reached XP level 6. HP: 55/55 MP: 6/6
  4163 | D:4      | Noticed BLOAX's ghost (weakling VSTm)
  4175 | D:4      | Killed BLOAX's ghost
  4175 | D:4      | Reached skill level 1 in Invocations
  4400 | D:4      | Reached skill level 4 in Short Blades
  4476 | D:4      | HP: 13/55 [adder (2)]
  4478 | D:4      | Found Ifo Puuw's Assorted Antiques.
  4712 | D:4      | Bought a forked ivory wand for 84 gold pieces
  4712 | D:4      | Bought an ivory wand for 84 gold pieces
  4712 | D:4      | Bought a scroll labeled FOACIX VAIFRI for 21 gold pieces
  4712 | D:4      | Bought a scroll labeled VOGENU XOASER for 21 gold pieces
  4712 | D:4      | Bought a scroll labeled HEIBLIRISU for 21 gold pieces
  4712 | D:4      | Bought a scroll labeled KOIRIE JILU for 21 gold pieces
  4901 | D:4      | Reached skill level 3 in Armour
  4901 | D:4      | Reached skill level 2 in Invocations
  4901 | D:4      | Reached XP level 7. HP: 31/60 MP: 8/8
  5423 | D:4      | Reached skill level 1 in Maces & Flails
  5521 | D:4      | Found a stormy altar of Qazlal.
  5521 | D:4      | Found a shadowy altar of Dithmenos.
  5522 | D:4      | Found a glowing silver altar of Zin.
  5522 | D:4      | Found a shattered altar of Ashenzari.
  5523 | D:4      | Found a glowing golden altar of the Shining One.
  5673 | D:4      | Found a staircase to the Ecumenical Temple.
  5691 | Temple   | Entered the Ecumenical Temple
  6140 | D:4      | Reached skill level 2 in Maces & Flails
  6258 | D:4      | Bought a scroll labeled KOIRIE JILU for 21 gold pieces
  6282 | D:5      | Entered Level 5 of the Dungeon
  6330 | D:5      | Found an opulent altar of Gozag.
  6362 | D:5      | Reached *** piety under Makhleb
  6362 | D:5      | Reached skill level 3 in Invocations
  6596 | D:4      | Reached skill level 3 in Maces & Flails
  6600 | D:5      | Reached XP level 8. HP: 62/67 MP: 10/10
  6842 | D:5      | Found a blossoming altar of Fedhas.
  6920 | D:6      | Found Mili's Assorted Antiques.
  6978 | D:6      | Noticed Pikel
  7186 | D:6      | Reached skill level 4 in Armour
  7211 | D:6      | Reached skill level 4 in Maces & Flails
  7228 | D:6      | Found Arown's General Store.
  7238 | D:6      | Bought a scroll labeled PUROENANKI for 30 gold pieces
  7238 | D:6      | Bought a scroll labeled KIAF SOMUFI for 30 gold pieces
  7264 | D:6      | Found Ozeakale's Jewellery Shoppe.
  7487 | D:6      | Found Pow Jomo's Antique Armour Shoppe.
  7504 | D:6      | Reached skill level 4 in Invocations
  7573 | D:6      | Found a basalt altar of Yredelemnul.
  7584 | D:6      | Found a bloodstained altar of Trog.
  7725 | D:6      | Found an ancient bone altar of Kikubaaqudgha.
  7802 | D:6      | Found Nommoi's Armour Shoppe.
  8155 | D:7      | HP: 16/67 [ogre/giant spiked club (11)]
  8434 | D:7      | Reached **** piety under Makhleb
  8434 | D:7      | Reached skill level 5 in Maces & Flails
  8571 | D:7      | Reached XP level 9. HP: 56/72 MP: 12/12
  8577 | D:7      | Reached skill level 2 in Throwing
  9346 | D:7      | HP: 4/72 [orc warrior/halberd (20)]
  9669 | D:8      | Reached skill level 5 in Armour
  9669 | D:8      | Reached skill level 5 in Invocations
  9726 | D:6      | Bought a shiny helmet for 135 gold pieces
  9898 | D:8      | Reached skill level 6 in Maces & Flails
  9898 | D:8      | Reached skill level 3 in Throwing
 10320 | D:8      | Learned a level 1 spell: Summon Butterflies
 10522 | D:8      | Found a sacrificial altar of Ru.
 10575 | D:8      | Killed Pikel
 10575 | D:8      | Reached ***** piety under Makhleb
 10575 | D:8      | Reached skill level 1 in Summonings
 10575 | D:8      | Reached XP level 10. HP: 68/79 MP: 14/14
 11010 | D:9      | Reached skill level 2 in Summonings
 11030 | D:9      | Reached skill level 7 in Maces & Flails
 11119 | D:9      | Found a glowing golden altar of the Shining One.
 11302 | D:9      | Reached skill level 4 in Throwing
 11540 | D:9      | You fall through a shaft for 3 floors!
 11702 | D:10     | Entered Level 10 of the Dungeon
 11702 | D:10     | Noticed Grum
 11824 | D:10     | Reached skill level 6 in Invocations
 11854 | D:11     | Reached skill level 3 in Summonings
 12049 | D:11     | Noticed a hill giant
 12395 | D:7      | Reached skill level 6 in Armour
 12448 | D:6      | Bought a wooden ring for 150 gold pieces
 12564 | D:10     | Noticed a hill giant
 13016 | D:10     | Killed a hill giant
 13198 | D:10     | Killed Grum
 13198 | D:10     | Reached skill level 4 in Summonings
 13340 | D:10     | Reached skill level 8 in Maces & Flails
 13689 | D:10     | Reached XP level 11. HP: 84/84 MP: 15/15
 13722 | D:11     | Found a staircase to the Orcish Mines.
 14532 | D:11     | Noticed a hill giant
 14558 | D:11     | Killed a hill giant
 14558 | D:11     | Reached skill level 5 in Summonings
 14843 | D:11     | Noticed a hill giant
 15098 | D:11     | HP: 18/84 [hill giant/giant club (13)]
 15103 | D:11     | HP: 6/84 [hill giant/giant club (9)]
 15108 | D:11     | Killed a hill giant
 15144 | D:11     | HP: 15/84 [wasp (1)]
 15522 | D:11     | HP: 21/84 [centaur/arrow of flame (1)]
 15523 | D:11     | HP: 10/84 [centaur/arrow of flame (4)]
 15841 | D:10     | Noticed a hill giant
 15855 | D:10     | Killed a hill giant
 16074 | D:11     | Learned a level 2 spell: Blink
 16077 | D:11     | Learned a level 2 spell: Repel Missiles
 16462 | D:11     | Found a staircase to the Lair.
 16594 | D:11     | Reached skill level 1 in Translocations
 16735 | D:11     | Reached skill level 1 in Charms
 16882 | D:11     | HP: 13/84 [acid (9)]
 16904 | D:11     | Reached skill level 1 in Dodging
 17207 | D:11     | Reached skill level 9 in Maces & Flails
 17319 | D:11     | HP: 3/84 [hill giant/giant club (22)]
 17320 | D:11     | Killed a hill giant
 17320 | D:11     | Reached skill level 7 in Invocations
 17669 | D:12     | Reached skill level 7 in Armour
 17669 | D:12     | Reached skill level 1 in Evocations
 17673 | D:12     | Noticed a skeletal warrior
 17706 | Orc:1    | Entered Level 1 of the Orcish Mines
 18583 | Orc:2    | Reached skill level 2 in Translocations
 18615 | Orc:2    | Noticed Maurice
 18975 | Orc:1    | HP: 19/84 [troll (3)]
 19363 | Orc:2    | Paralysed by an orc sorcerer for 6 turns
 19364 | Orc:2    | Noticed an orc high priest
 19369 | Orc:2    | Noticed Harold
 19375 | Orc:2    | Found a roughly hewn altar of Beogh.
 19375 | Orc:2    | HP: 13/84 [orc priest/divine providence (12)]
 19386 | Orc:2    | Killed from afar by Harold

Action                   |  1- 3 |  4- 6 |  7- 9 | 10-12 || total
-------------------------+-------+-------+-------+-------++-------
Melee: Club              |    62 |       |       |       ||    62
       Unarmed           |     5 |       |       |       ||     5
       Short sword       |   147 |   568 |    19 |       ||   734
       Flail             |       |       |   602 |     6 ||   608
       Whip              |       |       |       |   884 ||   884
 Fire: Blowgun           |     2 |     6 |     6 |    21 ||    35
Throw: Stone             |       |     7 |     6 |     3 ||    16
 Cast: Blink             |       |       |       |     2 ||     2
Invok: Lesser Servant of |       |       |       |    12 ||    12
Evoke: Wand              |       |     1 |     2 |     1 ||     4
  Use: Scroll            |       |       |    16 |     7 ||    23
 Stab: Sleeping          |       |       |       |     3 ||     3
       Distracted        |       |       |       |     2 ||     2

Vault maps used:
D:1:      nicolae_arrival_washed_ashore, kennysheep_boxes
D:2:      lemuel_doored_altar, uniq_terence
D:3:      lemuel_round_altar, old_standard_altar, uniq_jessica, uniq_robin
D:4:      minitemple, minmay_temple_entry_water_ring, serial_shops, shop,
          roderic_serpentine_path
D:5:      fedhas_altar_4, first_bread, basic_altar
D:6:      bloody_trog, overflow_temple_1_default, serial_shops, kennysheep_mini,
          shop, shop_statue, shop, nicolae_shop_waterfront,
          yredelemnul_altar_generic, uniq_pikel
D:8:      grunt_livestock, nicolae_ru_path_of_blood
D:9:      nicolae_tso_besieged_by_evil
D:10:     uniq_grum
D:11:     kennysheep_blocky_room, grunt_lair_entry_elf_guard_hut,
          hangedman_minor_magic
D:12:     spider_trap
Temple:   minmay_temple_bridge_a_8
Orc:2:    minmay_orc_temple_c, uniq_harold, uniq_maurice

Table legend:
 A = Turns spent in this place as a percentage of turns spent in the entire game.
 B = Non-inter-level travel turns spent in this place as a percentage of non-inter-level travel turns spent in the entire game.
 C = Inter-level travel turns spent in this place as a percentage of turns spent in this place.
 D = Turns resting spent in this place as a percentage of non-inter-level travel turns spent in this place.
 E = Turns spent auto-exploring this place as a percentage of non-inter-level travel turns spent in this place.
 F = Non-inter-level travel turns spent in this place divided by the number of levels of this place that you've seen.
                   A       B       C       D       E      F
               +-------+-------+-------+-------+-------+----------------------
         Total | 100.0 | 100.0 |   0.8 |   3.2 |   5.1 | 398.9
       Dungeon |  90.3 |  90.4 |   0.7 |   3.2 |   5.2 | 450.6
        Temple |   0.1 |   0.1 |  14.3 |   0.0 |  83.3 |   6.0
  Orcish Mines |   9.6 |   9.5 |   1.2 |   3.0 |   2.6 | 285.0
               +-------+-------+-------+-------+-------+----------------------

Table legend:
 A = Kills in this place as a percentage of kills in entire the game.
 B = Kills by you in this place as a percentage of kills by you in the entire game.
 C = Kills by friends in this place as a percentage of kills by friends in the entire game.
 D = Other kills in this place as a percentage of other kills in the entire game.
 E = Experience gained in this place as a percentage of experience gained in the entire game.
 F = Experience gained in this place divided by the number of levels of this place that you have seen.
                   A       B       C       D       E      F
               +-------+-------+-------+-------+-------+----------------------
         Total | 100.0 | 100.0 | 100.0 |  -nan | 100.0 | 1368.5
       Dungeon |  86.3 |  88.9 |  14.3 |  -nan |  95.5 | 1634.3
  Orcish Mines |  13.7 |  11.1 |  85.7 |  -nan |   4.5 | 457.5
               +-------+-------+-------+-------+-------+----------------------
